 Dungeon Crawl Stone Soup version 0.25-a0-410-g53dbb631d1 (webtiles) character file.

Game seed: 16799581079104894334, levelgen mode: deterministic

1001 MisterFreud the Nimble (level 8, -6/39 HPs)
             Began as a Felid Berserker on Jan 13, 2020.
             Was a High Priest of Trog.
             Mangled by a hippogriff (9 damage)
             ... on level 8 of the Dungeon.
             The game lasted 00:12:52 (7826 turns).

MisterFreud the Nimble (Felid Berserker)            Turns: 7826, Time: 00:12:52

Health: -6/39      AC:  2    Str: 13    XL:     8   Next: 0%
Magic:  9/9        EV: 29    Int:  8    God:    Trog [*****.]
Gold:   128        SH:  0    Dex: 22    Spells: 7/7 levels left
                                        Lives:  0   Deaths: 2

rFire    . . .     SeeInvis +     - Unarmed
rCold    . . .     Gourm    .   (shield unavailable)
rNeg     + . .     Faith    .   (armour unavailable)
rPois    .         Spirit   .   (helmet unavailable)
rElec    .         Reflect  .   (cloak unavailable)
rCorr    .         Harm     .   (gloves unavailable)
MR       +....                  (boots unavailable)
Stlth    +++.......             C - amulet of regeneration
HPRegen  0.53/turn              j - +4 ring of dexterity
MPRegen  0.11/turn              o - ring of positive energy

@: quick
A: very small, no armour, no weapons or thrown items, stealth, claws 1, fangs 3,
see invisible, carnivore, speed 1, shaggy fur 2, slow metabolism 1, sharp paws
a: Berserk, Trog's Hand, Brothers in Arms, Renounce Religion


You were on level 8 of the Dungeon.
You worshipped Trog.
Trog was extremely pleased with you.
You were not hungry.

You visited 1 branch of the dungeon, and saw 8 of its levels.
You also visited: Ossuary.

You collected 303 gold pieces.
You spent 175 gold pieces at shops.

Inventory:

Jewellery
 e - an uncursed ring of magical power
 h - an uncursed ring of protection from fire
 j - a +4 ring of dexterity (left paw)
 k - an uncursed amulet of magic regeneration
 o - a ring of positive energy (right paw)
 y - an uncursed ring of fire
 z - a +2 ring of protection {unknown}
 C - an amulet of regeneration (around neck)
Wands
 D - a wand of polymorph (4)
 E - a wand of paralysis (9)
Scrolls
 f - 3 scrolls of remove curse
 p - 2 scrolls of magic mapping
 s - a scroll of fog
 v - 6 scrolls of identify
 w - a scroll of teleportation
 x - 3 scrolls of amnesia
 A - a scroll of fear
Potions
 b - 2 potions of magic
 c - a potion of invisibility {unknown}
 d - 4 potions of might {unknown}
 g - a potion of ambrosia {unknown}
 i - 4 potions of lignification {unknown}
 l - 2 potions of heal wounds
 m - a potion of mutation {unknown}
 n - 5 potions of degeneration {unknown}
 q - a potion of flight {unknown}
 r - 4 potions of curing
 t - 4 potions of agility {unknown}
 u - 4 potions of resistance {unknown}
 B - a potion of brilliance {unknown}
Comestibles
 a - 11 rations


   Skills:
 + Level 6.8 Fighting
 + Level 10.5 Dodging
 + Level 3.7 Stealth
 + Level 6.7 Unarmed Combat


You had 7 spell levels left.
You didn't know any spells.
Your spell library was empty.

Dungeon Overview and Level Annotations

Branches:
Dungeon (8/15)             Temple (0/1) D:5         Ossuary (visited)
   Lair: D:8-11

Altars:
Dithmenos
Elyvilon
Hepliaklqana
Makhleb
Ru
Uskayaw
Xom
Yredelemnul
Zin

Shops:
D:5 *   D:6 !

Annotations:
D:6 Prince Ribbit
D:7 2 transporters


Innate Abilities, Weirdness & Mutations

You cannot wear armour.
You are incapable of wielding weapons or throwing items.
Your paws allow you to move quietly. (Stealth)
You have sharp claws.
You have razor-sharp teeth.
You have supernaturally acute eyesight. (SInv)
You are carnivorous and can eat meat at any time.
You cover ground quickly.
You are covered in thick fur. (AC +2)
You have a slow metabolism.
Your sharp claws are effective at attacking unaware monsters.


Message History

The hippogriff completely misses you.
You claw the hippogriff!
The hippogriff is heavily wounded.
The hippogriff bites you. The hippogriff pecks you. The hippogriff misses you.
You claw the hippogriff! You bite the hippogriff.
The hippogriff is severely wounded.
The hippogriff completely misses you. x2; The hippogriff claws you!
You are too injured to fight recklessly!
You are too injured to fight recklessly!
You are too injured to fight recklessly!
You are too injured to fight recklessly!
You scratch the hippogriff.
The hippogriff is severely wounded.
The hippogriff bites you!
* * * LOW HITPOINT WARNING * * *
The hippogriff closely misses you. x2
You claw the hippogriff!
The hippogriff is almost dead.
The hippogriff closely misses you. The hippogriff pecks you!
You die...

# ...
.....##########
......H@......#
.....########.#
... #.# # #.#
#.# .# #.#
#...# ###.#
....# #...#
#.#.#
..#####.###


You could see a hippogriff.

Vanquished Creatures
  2 black bears (D:6)
  A phantom (D:4)
  An ogre (D:6)
  A centaur (D:7)
  2 big kobolds (D:7)
  3 bullfrogs
  An elf zombie (Ossuary)
  A scorpion (D:5)
  4 killer bees (D:7)
  3 centaur zombies
  A crimson imp (D:5)
  2 bullfrog zombies
  A hound (D:8)
  2 bullfrog skeletons
  2 jellies
  A human zombie (Ossuary)
  4 orc wizards
  2 worker ants (D:6)
  2 big kobold zombies (Ossuary)
  3 hound zombies (Ossuary)
  3 mummies (Ossuary)
  A howler monkey skeleton (D:6)
  3 gnolls
  6 adders
  A shadow imp (D:4)
  An ooze (D:6)
  5 adder zombies (Ossuary)
  6 worms
  A dart slug (D:4)
  3 leopard geckos
  24 orcs
  8 bats
  4 giant cockroaches
  18 goblins
  15 hobgoblins
  28 kobolds
  5 quokkas
  3 ball pythons
  7 frilled lizards
  2 gnoll zombies (Ossuary)
  4 goblin zombies (Ossuary)
  2 hobgoblin zombies (Ossuary)
  5 kobold zombies (Ossuary)
  An orc zombie (Ossuary)
  4 quokka zombies (Ossuary)
  5 rats
  4 rat zombies (Ossuary)
208 creatures vanquished.

Notes
Turn   | Place    | Note
-------+----------+-------------------------------------------
     0 | D:1      | MisterFreud the Felid Berserker began the quest for the
                  | Orb.
     0 | D:1      | Reached XP level 1. HP: 10/10 MP: 2/2
   161 | D:1      | Reached XP level 2. HP: 14/14 MP: 3/3
   712 | D:1      | Reached XP level 3. HP: 15/18 MP: 4/4
   971 | D:2      | Found a sacrificial altar of Ru.
  1019 | D:2      | Reached ** piety under Trog
  1123 | D:2      | Reached skill level 5 in Fighting
  1123 | D:2      | Reached XP level 4. HP: 16/23 MP: 5/5
  1651 | D:3      | Found a burning altar of Makhleb.
  2434 | D:3      | Reached XP level 5. HP: 20/27 MP: 6/6
  2498 | D:3      | Reached *** piety under Trog
  2655 | D:4      | Noticed a phantom
  3002 | D:5      | Entered Level 5 of the Dungeon
  3091 | D:5      | Slain by an adder
  3092 | D:5      | Reached XP level 4. HP: -2/24 MP: 5/5
  3107 | D:5      | Found a sand-covered staircase.
  3120 | Ossuary  | Entered an ossuary
  3304 | Ossuary  | Reached XP level 5. HP: 19/27 MP: 6/6
  3821 | Ossuary  | Reached skill level 5 in Dodging
  3883 | Ossuary  | Reached **** piety under Trog
  3890 | Ossuary  | Gained mutation: You are covered in thick fur. (AC +2)
                  | [Felid growth]
  3890 | Ossuary  | Reached XP level 6. HP: 8/31 MP: 7/7
  4256 | D:5      | Found a white marble altar of Elyvilon.
  4326 | D:5      | Reached skill level 6 in Dodging
  4536 | D:5      | Found a staircase to the Ecumenical Temple.
  4575 | D:5      | Found a basalt altar of Yredelemnul.
  4575 | D:5      | Found a shimmering altar of Xom.
  4578 | D:5      | Found a hazy altar of Hepliaklqana.
  4742 | D:5      | Found Ishasera's Assorted Antiques.
  4748 | D:5      | Bought a scroll labeled MOC VYLLER POZ for 30 gold pieces
  4748 | D:5      | Bought a ruby potion for 27 gold pieces
  4748 | D:5      | Bought a scroll labeled DACOGG MOEZUGH for 30 gold pieces
  5232 | D:4      | Reached skill level 5 in Unarmed Combat
  5232 | D:4      | Reached XP level 7. HP: 31/34 MP: 8/8
  5799 | D:6      | Reached skill level 7 in Dodging
  5945 | D:6      | Reached skill level 8 in Dodging
  6016 | D:6      | Reached XP level 8. HP: 38/38 MP: 9/9
  6017 | D:6      | Reached ***** piety under Trog
  6075 | D:6      | Found a shadowy altar of Dithmenos.
  6096 | D:6      | Found Alutokeb's Distillery.
  6099 | D:6      | Bought a potion of heal wounds for 55 gold pieces
  6099 | D:6      | Bought a potion of curing for 33 gold pieces
  6183 | D:6      | Reached skill level 9 in Dodging
  6602 | D:6      | Noticed Prince Ribbit
  6755 | D:7      | Found a hide-covered altar of Uskayaw.
  6757 | D:7      | Noticed a manticore
  6964 | D:7      | Reached skill level 10 in Dodging
  6969 | D:7      | Reached skill level 1 in Stealth
  7257 | D:7      | Found a transporter.
  7261 | D:7      | Found a transporter.
  7399 | D:7      | Found a glowing silver altar of Zin.
  7756 | D:8      | Slain by a wyvern
  7757 | D:8      | Reached XP level 7. HP: -1/35 MP: 8/8
  7800 | D:8      | Reached XP level 8. HP: 39/39 MP: 9/9
  7814 | D:8      | Noticed a hippogriff
  7826 | D:8      | Mangled by a hippogriff

Levels and vault maps discovered:
D:1:      dpeg_arrival_renting, layout_loops_corners
D:2:      layout_basic, hangedman_ru_absence
D:3:      corexii_shack_village, layout_basic, nicolae_overflow_crystal_walls,
          st_stairs_11, chequers_avenue, grunt_decor_fettered,
          minmay_misc_feat_room
D:4:      layout_basic, first_ration
D:5:      layout_loops_ring, kennysheep_little_box,
          nicolae_overflow_hidden_temple, minmay_temple_entry_enclosed_plants,
          serial_shops, nicolae_shop_overgrown_old_shop,
          lightli_ossuary_entry_decrepit_ruins
D:6:      corexii_shantytown, layout_gridville, old_standard_altar,
          serial_shops, kennysheep_mini_moat, uniq_prince_ribbit1
D:7:      layout_loops_corners, gammafunk_temple_overflow_arena,
          lemuel_doored_altar
D:8:      layout_loops_ring, grunt_gozag_breadcrumbs

Skill      XL: |  1  2  3  4  5  6  7  8 |
---------------+-------------------------+-----
Fighting       | 4 5 6 |  6.8
Dodging        | 5 6 8 10 | 10.5
Unarmed Combat | 4 5 6 |  6.7
Stealth        | 3 |  3.7

Action                   |  1- 3 |  4- 6 |  7- 9 || total
-------------------------+-------+-------+-------++-------
Melee: Unarmed           |    94 |   357 |   270 ||   721
       Bite              |    10 |    68 |    37 ||   115
       Punch             |       |     8 |     9 ||    17
Invok: Berserk           |     2 |     6 |     7 ||    15
       Trog's Hand       |       |     1 |     3 ||     4
  Use: Scroll            |       |    12 |       ||    12
 Stab: Sleeping          |     5 |     6 |    12 ||    23
       Distracted        |       |     1 |       ||     1
  Eat: Chunk             |     6 |    14 |    14 ||    34
       Ration            |       |     2 |       ||     2
Armor: Skin              |     7 |    13 |     3 ||    23
Dodge: Dodged            |    84 |   231 |   245 ||   560

Table legend:
 A = Non-vault XP
 B = Vault XP
 C = Vault XP percentage of total XP
 D = Non-vault monster count
 E = Vault monster count
 F = Vault count percentage of total count
                 A         B        C        D         E       F
            +---------+---------+-------+---------+---------+-------
      Total |    2371 |     505 |  17.6 |     130 |      78 |  37.5
            +---------+---------+-------+---------+---------+-------
        D:1 |      50 |       0 |   0.0 |      23 |       0 |   0.0
        D:2 |      94 |       0 |   0.0 |      26 |       0 |   0.0
        D:3 |      34 |      35 |  50.7 |      12 |      16 |  57.1
        D:4 |     206 |       0 |   0.0 |      11 |       0 |   0.0
        D:5 |     134 |       0 |   0.0 |       4 |       0 |   0.0
        D:6 |     830 |      76 |   8.4 |      19 |      24 |  55.8
        D:7 |     824 |       0 |   0.0 |      25 |       0 |   0.0
        D:8 |     199 |       0 |   0.0 |      10 |       0 |   0.0
    Ossuary |       0 |     394 | 100.0 |       0 |      38 | 100.0
            +---------+---------+-------+---------+---------+-------
